 Dungeon Crawl Stone Soup version 0.31-b1-12-gca42e3d1b8 (webtiles) character file.

Game seed: 2121321042022738404

145 Arctor the Shield-Bearer (level 5, -5/42 HPs)
             Began as a Human Fighter on Jan 14, 2024.
             Slain by occam's ghost (6 damage)
             ... on level 3 of the Dungeon.
             The game lasted 00:01:44 (2567 turns).

Arctor the Shield-Bearer (Human Fighter)            Turns: 2567, Time: 00:01:45

Health: -5/42      AC:  7    Str: 18    XL:     5   Next: 27%
Magic:  5/5        EV:  9    Int:  8    God:
Gold:   146        SH:  5    Dex: 13    Spells: 4/4 levels left

rFire   . . .        a - +0 war axe
rCold   . . .        c - +0 buckler
rNeg    . . .        b - +0 scale mail
rPois   .            (no helmet)
rElec   .            (no cloak)
rCorr   .            (no gloves)
SInv    .            (no boots)
Will    .....        (no amulet) Stlth
                     (no ring)
HPRegen 0.27/turn    (no ring)
MPRegen 0.09/turn

%: no passive effects
@: mighty, brilliant
A: explore regen
a: no special abilities


You were on level 3 of the Dungeon.
You visited 1 branch of the dungeon, and saw 3 of its levels.

You collected 146 gold pieces.

Inventory:

Hand Weapons
 a - a +0 war axe (weapon)
Armour
 b - a +0 scale mail (worn)
 c - a +0 buckler (worn)
 k - the +0 robe "Rued" {Int+3}
   (You found it on level 3 of the Dungeon)

   Int+3:     It affects your intelligence (+3).
Scrolls
 e - a scroll of poison
 f - a scroll of enchant weapon
 g - a scroll of torment {unknown}
 h - a scroll of fear {unknown}
 j - 2 scrolls of noise {unknown}
 l - a scroll of identify
 m - a scroll of revelation {unknown}
 n - a scroll of teleportation {unknown}


   Skills:
 + Level 3.8 Fighting
 + Level 3.0 Axes
 + Level 3.9 Armour
 + Level 3.9 Shields


You had 4 spell levels left.
You didn't know any spells.
Your spell library contained the following spells:

 Spells                   Type           Power      Damage    Failure   Level
 Cigotuvi's Dreadful Rot  Necr/Alch/Air  0%         N/A       94%         2
 Dispel Undead            Necr           0%         3d6       100%        4
 Martyr's Knell           Necr/Summ      0%         N/A       100%        4
 Death Channel            Necr           0%         N/A       100%        6


Dungeon Overview and Level Annotations

Branches:
Dungeon (3/15)

Altars:

Annotations:
D:3 occam's ghost, amateur OpSh


Innate Abilities, Weirdness & Mutations

You regain HP and MP as you explore.


Message History

Occam's ghost is lightly damaged.
Occam's ghost hits you but does no damage.
Occam's ghost hits you.
You closely miss occam's ghost.
Occam's ghost is lightly damaged.
Occam's ghost hits you but does no damage.
You miss occam's ghost.
Occam's ghost is lightly damaged.
Occam's ghost hits you but does no damage.
You barely miss occam's ghost.
Occam's ghost is lightly damaged.
Occam's ghost hits you! Occam's ghost hits you.
You barely miss occam's ghost.
Occam's ghost is lightly damaged.
Occam's ghost hits you.
You are too injured to fight recklessly!
You are too injured to fight recklessly!
You closely miss occam's ghost.
Occam's ghost is lightly damaged.
You block occam's ghost's attack. x2
You barely miss occam's ghost.
Occam's ghost is lightly damaged.
Occam's ghost flexes its fingers.
Occam's ghost hits you!
You closely miss occam's ghost.
Occam's ghost is lightly damaged.
Occam's ghost barely misses you.
You slash occam's ghost!
Occam's ghost is heavily damaged.
Occam's ghost hits you!
* * * LOW HITPOINT WARNING * * *
Occam's ghost barely misses you.
It was a potion of brilliance.
You feel clever all of a sudden. Occam's ghost hits you.
* * * LOW HITPOINT WARNING * * *
You closely miss occam's ghost.
Occam's ghost is heavily damaged.
Occam's ghost hits you.
You die...

.#.#.# #......#### .#.#.#
#.......... <..#.# ######......
####.# #........... .....#
#........... ###..###############
#...........
.....##............###...........
###.รทรท...............#.........##
###.............@....#.........#
..........###''W###..#.........#
..........#.......#..#..<......##
..........#.......#..###.....#...
..........#.......#..........+...
....###...#.......#..###.....#.##
....# #...#(......#.......####.#
....# #...#...!$..#.......# #.#
##### #...#.......#.......# #.#


You could see occam's ghost.

Vanquished Creatures
  3 gnolls
  5 adders
  A dart slug (D:1)
  2 ribbon worms (D:2)
  4 ball pythons
  6 bats
  3 endoplasms
  A giant cockroach (D:2)
  8 hobgoblins
  3 jackals
  4 kobolds
  5 quokkas
  4 frilled lizards
  5 goblins
  12 rats
66 creatures vanquished.

Notes
Turn   | Place    | Note
-------+----------+-------------------------------------------
     0 | D:1      | Arctor the Human Fighter began the quest for the Orb.
     0 | D:1      | Reached XP level 1. HP: 18/18 MP: 1/1
    75 | D:1      | Reached XP level 2. HP: 24/24 MP: 2/2
   423 | D:1      | Reached XP level 3. HP: 22/29 MP: 3/3
   909 | D:2      | Reached XP level 4. HP: 35/35 MP: 4/4
  1654 | D:3      | Identified the +0 robe "Rued" {Int+3}
  1661 | D:3      | Noticed occam's ghost (amateur OpSh)
  1662 | D:3      | Found a runed translucent gate.
  1663 | D:3      | Found a runed translucent gate.
  1663 | D:3      | Found a runed translucent gate.
  1746 | D:2      | HP: 1/36 [gnoll/+0 flail (3)]
  1995 | D:3      | Reached XP level 5. HP: 22/42 MP: 5/5
  2566 | D:3      | HP: 1/42 [occam's ghost (4)]
  2567 | D:3      | Slain by occam's ghost

Illustrated notes

Levels and vault maps discovered:
D:1:      tarquinn_simple_flora_water_b, layout_basic
D:2:      cheibrodos_helix_gallery, layout_basic
D:3:      layout_basic, gammafunk_ghost_split

Skill      XL: |  1  2  3  4  5 |
---------------+----------------+-----
Axes           | 3 |  3.0
Fighting       | |  3.8
Armour         | |  3.9
Shields        | |  3.9

Action                     |  1- 3 |  4- 6 || total
---------------------------+-------+-------++-------
  Melee: War axe           |    74 |    87 ||   161
    Use: Scroll            |       |     2 ||     2
         Potion            |       |     3 ||     3
 Armour: Scale mail        |    57 |    91 ||   148
  Dodge: Dodged            |    31 |    51 ||    82
  Block: Buckler           |    22 |    34 ||    56
